 Dungeon Crawl Stone Soup version 0.32-a0-141-g04fe69798e (webtiles) character file.

Game seed: 7891871023525405952

207 Muffindrake the Digger (level 5, -2/38 HPs)
             Began as a Draconian Earth Elementalist on Feb 11, 2024.
             Incinerated by a bombardier beetle (3 damage)
             ... with a burning spray
             ... on level 3 of the Dungeon.
             The game lasted 00:06:15 (1828 turns).

Muffindrake the Digger (DrEE)                       Turns: 1828, Time: 00:06:16

Health: -2/38      AC:  5    Str: 10    XL:     5   Next: 54%
Magic:  10/10      EV: 12    Int: 18    God:
Gold:   46         SH:  0    Dex: 11    Spells: 2/10 levels left

rFire   . . .        b - +0 dagger
rCold   . . .        (no shield)
rNeg    . . .        (body armour unavailable)
rPois   .            (helmet restricted)
rElec   .            g - scarf {harm}
rCorr   .            (no gloves)
SInv    .            (no boots)
Will    .....        d - amulet of magic regeneration
Stlth   +            (no ring)
HPRegen 0.26/turn    (no ring)
MPRegen 0.52/turn

%: harm (+30% outgoing, +20% incoming)
@: on fire, glowing
A: AC +5, unfitting armour, cold-blooded
a: no special abilities


You were on level 3 of the Dungeon.
You visited 1 branch of the dungeon, and saw 3 of its levels.

You collected 79 gold pieces.
You spent 33 gold pieces at shops.

Inventory:

Hand Weapons
 b - a +0 dagger (weapon)
 h - the +7 flail of the Eye-covered God {distort, *Slow rElec Int+5 Dex+3}
   (You found it on level 2 of the Dungeon)

   Int+5:     It affects your intelligence (+5).
   Dex+3:     It affects your dexterity (+3).
   rElec:     It insulates you from electricity.
   *Slow:     It may slow you when you take damage.
Armour
 g - a scarf of harm (worn)
Jewellery
 d - an amulet of magic regeneration (around neck)
Wands
 o - a wand of mindburst (2)
Scrolls
 c - a scroll of fog {unknown}
 f - a scroll of blinking {unknown}
 i - 2 scrolls of identify {unknown}
 j - a scroll of teleportation {unknown}
 k - a scroll of enchant weapon {unknown}
 m - 2 scrolls of poison {unknown}
 n - a scroll of fear {unknown}
Potions
 a - 3 potions of magic
 l - a potion of attraction {unknown}
 p - a potion of enlightenment {unknown}
 q - a potion of mutation {unknown}


   Skills:
 - Level 1.7 Dodging
 - Level 1.7 Stealth
 + Level 3.3 Spellcasting
 - Level 1.0 Conjurations
 * Level 5.2 Earth Magic
 + Level 1.2 Alchemy


You had 2 spell levels left.
You knew the following spells:

 Your Spells              Type           Power      Damage    Failure   Level
a - Sandblast             Erth           44%        2d11      1%          1
b - Passwall              Erth           22%        N/A       5%          3
c - Petrify               Alch/Erth      14%        N/A       38%         4

Your spell library contained the following spells:

 Spells                   Type           Power      Damage    Failure   Level
 Stone Arrow              Conj/Erth      28%        3d8       13%         3
 Brom's Barrelling Bould  Conj/Erth      14%        2d4       41%         4


Dungeon Overview and Level Annotations

Branches:
Dungeon (3/15)

Altars:

Shops:
D:1 !   D:3 :


Innate Abilities, Weirdness & Mutations

Your plain brown scales are hard. (AC +5)
You cannot fit into any form of body armour.
You are cold-blooded and may be slowed by cold attacks.


Message History

The blast of sand hits the bombardier beetle but does no damage.
The bombardier beetle is severely wounded.
The liquid fire burns you!
Unknown command.
Casting: Sandblast (safe; 1% risk of failure)
Confirm with . or Enter, or press ? or * to list all spells.
Aiming: Sandblast (safe; 1% risk of failure)
Press: ? - help, Shift-Dir - straight line, f/p - bombardier beetle
Aim: a bombardier beetle (severely wounded, 90% to hit)
The blast of sand hits the bombardier beetle but does no damage.
The bombardier beetle is severely wounded.
The liquid fire burns you!
The bombardier beetle sprays incendiary fluid at you.
The burning spray hits you.
You are even more covered in liquid fire!
Casting: Sandblast (safe; 1% risk of failure)
Confirm with . or Enter, or press ? or * to list all spells.
Aiming: Sandblast (safe; 1% risk of failure)
Press: ? - help, Shift-Dir - straight line, f/p - bombardier beetle
Aim: a bombardier beetle (severely wounded, 90% to hit)
The blast of sand hits the bombardier beetle.
You kill the bombardier beetle!
The liquid fire burns you!
* * * LOW HITPOINT WARNING * * *
You shake off some of the fire as you move.
The liquid fire burns you!
* * * LOW HITPOINT WARNING * * *
You feel better. The liquid fire burns you!
* * * LOW HITPOINT WARNING * * *
You shake off some of the fire as you move.
The liquid fire burns you!
* * * LOW HITPOINT WARNING * * *
You shake off some of the fire as you move.
The liquid fire burns you!
* * * LOW HITPOINT WARNING * * *
You are on fire!
You shake off some of the fire as you move.
The liquid fire burns you!
You die...

...
###.....####.###.##.#
)P# ......# #.#....#
........ #.#<#..#
.......### #.###.##
.... #......# ....
#####.## # #.#
#.#####.# #..@....#
#######.# ..# #.# #.#
#.# #.# .#


There were no monsters in sight!

Vanquished Creatures
  A bombardier beetle (D:3)
  An orc wizard (D:3)
  4 gnolls (D:2)
  5 adders
  3 ribbon worms (D:2)
  7 orcs (D:3)
  2 endoplasms
  A giant cockroach (D:2)
  3 goblins
  2 hobgoblins (D:1)
  4 jackals (D:1)
  3 kobolds
  A quokka (D:3)
  5 ball pythons
  5 bats
  6 frilled lizards
  A rat (D:2)
54 creatures vanquished.

Notes
Turn   | Place    | Note
-------+----------+-------------------------------------------
     0 | D:1      | Muffindrake the Draconian Earth Elementalist began the
                  | quest for the Orb.
     0 | D:1      | Reached XP level 1. HP: 14/14 MP: 3/3
   236 | D:1      | Reached XP level 2. HP: 20/20 MP: 3/5
   386 | D:1      | Found Mohy's Distillery.
   415 | D:1      | Bought a potion of curing for 33 gold pieces
   671 | D:2      | Identified the +7 flail of the Eye-covered God {distort,
                  | *Slow rElec Int+5 Dex+3}
   729 | D:2      | Reached XP level 3. HP: 11/26 MP: 6/6
   957 | D:2      | Reached skill level 4 in Earth Magic
  1018 | D:2      | Learned a level 3 spell: Passwall
  1080 | D:2      | Reached XP level 4. HP: 33/33 MP: 5/8
  1552 | D:3      | Learned a level 4 spell: Petrify
  1700 | D:3      | Found Ceereem's Book Shop.
  1703 | D:3      | Reached skill level 5 in Earth Magic
  1703 | D:3      | Reached XP level 5. HP: 38/38 MP: 9/9
  1789 | D:3      | Reached skill level 1 in Alchemy
  1827 | D:3      | HP: 1/38 [burnt (4)]
  1828 | D:3      | Incinerated by a bombardier beetle

Illustrated notes

Levels and vault maps discovered:
D:1:      elethiomel_arrival_infinity_welcomes_careful_drivers, layout_rooms,
          serial_shops, nicolae_shop_trees
D:2:      layout_loops_ring
D:3:      layout_basic, shapermc_ecumenical_altar_mp_ritualfount, serial_shops,
          shop, nicolae_houndstooth_variations

Skill      XL: |  1  2  3  4  5 |
---------------+----------------+-----
Earth Magic    | 4 5 |  5.2
Spellcasting   | 3 |  3.3
Alchemy        | 1 |  1.2
Dodging        | |  1.7
Stealth        | |  1.7
Conjurations   | |  1.0

Action                     |  1- 3 |  4- 6 || total
---------------------------+-------+-------++-------
  Melee: Dagger            |    61 |    28 ||    89
         Unarmed           |     9 |       ||     9
         Tailslap          |     9 |     3 ||    12
         Punch             |     2 |     1 ||     3
   Cast: Sandblast         |    28 |    42 ||    70
    Use: Potion            |       |     1 ||     1
   Stab: Sleeping          |       |     2 ||     2
 Armour: Skin              |    50 |    28 ||    78
  Dodge: Dodged            |    75 |    31 ||   106

Table legend: (Time is in decaauts)
 A = Elapsed time spent in this place.
 B = Non-inter-level travel time spent in this place.
 C = Inter-level travel time spent in this place.
 D = Time resting spent in this place.
 E = Time spent auto-exploring this place.
 F = Levels seen in this place.
 G = Mean time per level.
                   A        B        C        D        E       F      G
               +--------+--------+--------+--------+--------+-----+--------+
         Total |   1864 |   1848 |     16 |    222 |   1146 |   3 |  621.3 |
       Dungeon |   1864 |   1848 |     16 |    222 |   1146 |   3 |  621.3 |
               +--------+--------+--------+--------+--------+-----+--------+

Top non-repeatable levels by time:
     D:2: 881 daAuts
     D:1: 673 daAuts
     D:3: 309 daAuts
